 Dungeon Crawl Stone Soup version 0.30-a0-782-ge64f9170bb (webtiles) character file.

Game seed: 7143428923902298790

5125 Flugslaktarn the Cleaver (level 10, -2/90 HPs)
             Began as a Minotaur Fighter on Feb 18, 2023.
             Was an Initiate of Gozag.
             Killed by divine providence
             ... invoked by an orc priest
              (11 damage)
             ... on level 10 of the Dungeon.
             The game lasted 00:04:12 (7961 turns).

Flugslaktarn the Cleaver (Minotaur Fighter)         Turns: 7961, Time: 00:04:12

Health: -2/90      AC: 13    Str: 27    XL:     10   Next: 32%
Magic:  3/3        EV:  9    Int:  5    God:    Gozag
Gold:   1243       SH:  5    Dex: 10    Spells: 9/9 levels left

rFire   . . .      SeeInvis .    m - +9 hand axe of Cruel Justice {antimagic, *Corrode rN+ Str+2}
rCold   . . .      Faith    .    c - +0 buckler
rNeg    + . .      Spirit   .    i - +0 chain mail
rPois   +          Reflect  .    (helmet restricted)
rElec   .          Harm     .    (no cloak)
rCorr   +          Rampage  .    e - +1 pair of gloves
Will    .....                    (no boots) Stlth
                                 (no amulet)
HPRegen 0.35/turn                o - ring of poison resistance
MPRegen 0.08/turn                k - ring of resist corrosion

@: no status effects
A: horns 2, retaliatory headbutt
a: Renounce Religion, Potion Petition, Call Merchant, Bribe Branch


You were on level 10 of the Dungeon.
You worshipped Gozag.
Gozag was most pleased with you.
You visited 2 branches of the dungeon, and saw 11 of its levels.

You collected 1562 gold pieces.
You spent 237 gold pieces at shops.
You paid 82 gold pieces to Gozag.

Inventory:

Hand Weapons
 a - a +0 war axe
 m - the +9 hand axe of Cruel Justice (weapon) {antimagic, *Corrode rN+ Str+2}
   (You found it on level 4 of the Dungeon)

   Str:       It affects your strength (+2).
   rN:        It protects you from negative energy.
   *Corrode:  It may corrode you when you take damage.
 C - a +2 heavy battleaxe
   (You bought it in a shop on level 6 of the Dungeon)
Armour
 b - a +0 scale mail
 c - a +0 buckler (worn)
 e - a +1 pair of gloves (worn)
   (You found it on level 1 of the Dungeon)
 i - a +0 chain mail (worn)
   (You found it on level 1 of the Dungeon)
Jewellery
 k - a ring of resist corrosion (right hand)
   (You found it on level 5 of the Dungeon)
 o - a ring of poison resistance (left hand)
   (You found it on level 2 of the Dungeon)
Wands
 f - a wand of quicksilver (10)
   (You found it on level 8 of the Dungeon)
 u - a wand of charming (26)
   (You found it on level 3 of the Dungeon)
Scrolls
 g - 5 scrolls of fear
 j - 2 scrolls of summoning
 l - 3 scrolls of magic mapping
 r - 2 scrolls of identify
 t - 3 scrolls of teleportation
 y - a scroll of enchant weapon
 z - 2 scrolls of blinking
 B - a scroll of immolation
Potions
 d - a potion of might
 h - 3 potions of haste
 n - 2 potions of flight {unknown}
 p - a potion of berserk rage
 q - a potion of curing
 s - a potion of mutation
 v - a potion of ambrosia {unknown}
 x - a potion of lignification
 A - a potion of cancellation {unknown}
 E - 2 potions of invisibility {unknown}


   Skills:
 + Level 8.4 Fighting
 * Level 11.1 Axes
 + Level 8.4 Armour
 + Level 3.0 Dodging
 - Level 7.4 Shields
 + Level 5.2 Evocations


You had 9 spell levels left.
You didn't know any spells.
Your spell library was empty.

Dungeon Overview and Level Annotations

Branches:
Dungeon (10/15)            Temple (1/1) D:4
   Lair: D:8-11         Orc: D:9-12

Altars:
Ashenzari
Cheibriados
Dithmenos
Elyvilon
Fedhas
Gozag
Hepliaklqana
Kikubaaqudgha
Makhleb
Nemelex Xobeh
Okawaru
Qazlal
Ru
Sif Muna
Trog
Uskayaw
Vehumet
Wu Jian
Xom
Yredelemnul
Zin
The Shining One
Jiyva

Shops:
D:6 (


Innate Abilities, Weirdness & Mutations

You have a pair of horns on your head.
You reflexively headbutt those who attack you in melee.


Message History

The gnoll bouda is heavily wounded.
The gnoll bouda gazes fiercely through you!
You feel your attacks grow feeble.
The gnoll bouda hits you with a +0 whip.
You slash the gnoll bouda!
The gnoll bouda is almost dead.
The gnoll bouda mumbles some strange prayers to its god.
The gnoll bouda is healed somewhat.
You hit the gnoll bouda. Your headbutt misses the gnoll bouda.
The gnoll bouda is almost dead.
The gnoll bouda hits you but does no damage.
You hit the gnoll bouda.
You kill the gnoll bouda!
No target in view!
No target in view!
No target in view!
No target in view!
No target in view!
No target in view!
No target in view!
No target in view!
No target in view!
No target in view!
No target in view!
No target in view!
No target in view!
You drop 2 scrolls of poison.
You drop a scroll of amnesia.
You drop a ring of magical power.
Your attacks no longer feel as feeble.
You drop an amulet of magic regeneration.
An orc warrior comes into view. It is wielding a +1 heavy glaive.
An orc warrior is nearby!
An orc warrior is nearby!
The orc warrior shouts!
You hear a shout!
The orc warrior is distracted by your dazzling golden aura.
An orc comes into view. It is wielding a +0 short sword.
The orc shouts!
The orc warrior shouts!
The orc warrior is no longer distracted by gold.
The orc warrior hits you but does no damage.
An orc priest comes into view. It is wielding a +0 short sword.
You hit the orc warrior but do no damage.
You hit the orc warrior but do no damage.
The orc warrior hits you with a +1 heavy glaive.
You hit the orc warrior but do no damage.
You headbutt the orc warrior.
The orc warrior is lightly wounded.
You closely miss the orc warrior. You headbutt the orc warrior.
The orc warrior is moderately wounded.
The orc warrior completely misses you.
You hit the orc warrior but do no damage.
The orc warrior is moderately wounded.
The orc priest invokes the aid of Beogh against you.
Beogh smites you!
The orc warrior hits you but does no damage.
You closely miss the orc warrior.
The orc warrior is moderately wounded.
You barely miss the orc warrior. Your headbutt misses the orc warrior.
The orc warrior is moderately wounded.
The orc warrior hits you with a +1 heavy glaive!!
You hit the orc warrior but do no damage.
The orc warrior is moderately wounded.
You closely miss the orc warrior.
The orc warrior is moderately wounded.
You block the orc warrior's attack.
You closely miss the orc warrior.
The orc warrior is moderately wounded.
You hit the orc warrior. Your headbutt misses the orc warrior.
The orc warrior is heavily wounded.
The orc warrior hits you with a +1 heavy glaive!
You are too injured to fight recklessly!
You are too injured to fight recklessly!
You are too injured to fight recklessly!
You are too injured to fight recklessly!
You are too injured to fight recklessly!
You are too injured to fight recklessly!
You are too injured to fight recklessly!
You are too injured to fight recklessly!
You are too injured to fight recklessly!
You are too injured to fight recklessly!
You are too injured to fight recklessly!
You are too injured to fight recklessly!
You are too injured to fight recklessly!
You are too injured to fight recklessly!
You hit the orc warrior.
The orc warrior is heavily wounded.
You closely miss the orc warrior.
You headbutt the orc warrior, but do no damage.
The orc warrior is heavily wounded.
The orc warrior hits you with a +1 heavy glaive.
You hit the orc warrior but do no damage.
The orc warrior is heavily wounded.
You hit the orc warrior. Your headbutt misses the orc warrior.
The orc warrior is heavily wounded.
The orc warrior hits you with a +1 heavy glaive!!
* * * LOW HITPOINT WARNING * * *
The orc priest mumbles some strange prayers to Beogh against you.
Beogh smites you!
You die...
Your body crumbles into a pile of gold.

.. ##.. #..#
#.. ........o.
.......#o# ..
$ .......#o#
... .......#@#
##..
.......#.# ...
.$...#.#..#
#.$#.#.#
#$"...#
###$### ###$#
#####.$$#
#?......####.#


You could see an orc warrior, an orc priest and an orc.

Vanquished Creatures
  2 hornets (D:10)
  5 yaks (D:9)
  A wyvern (D:7)
  4 hogs (D:7)
  A human (D:7)
  A steam dragon (D:8)
  3 water moccasins
  An orc warrior (D:10)
  3 ice beasts
  2 sky beasts (D:7)
  A black bear (D:4)
  3 centaurs
  2 phantoms
  2 kobold brigands
  A bullfrog (D:8)
  3 scorpions
  8 killer bees
  4 howler monkeys
  2 hounds (D:6)
  A gnoll bouda (D:10)
  An orc priest (D:5)
  6 jellies
  Ijyb (D:4)
  3 iguanas
  6 orc wizards
  7 gnolls
  10 adders
  A white imp (D:8)
  A worm (D:2)
  4 dart slugs
  25 orcs
  7 endoplasms
  2 giant cockroaches (D:1)
  3 goblins
  2 hobgoblins (D:2)
  3 quokkas
  8 ball pythons
  7 bats
  A frilled lizard (D:1)
  15 kobolds
  3 rats
166 creatures vanquished.

Notes
Turn   | Place    | Note
-------+----------+-------------------------------------------
     0 | D:1      | Flugslaktarn the Minotaur Fighter began the quest for the
                  | Orb.
     0 | D:1      | Reached XP level 1. HP: 19/19 MP: 0/0
   236 | D:1      | Reached XP level 2. HP: 27/27 MP: 1/1
   515 | D:1      | Reached skill level 3 in Axes
   969 | D:2      | Reached XP level 3. HP: 21/33 MP: 2/2
  1233 | D:2      | Reached XP level 4. HP: 28/40 MP: 3/3
  1431 | D:2      | Reached skill level 4 in Axes
  2035 | D:4      | Found a staircase to the Ecumenical Temple.
  2041 | D:4      | Reached XP level 5. HP: 31/47 MP: 4/4
  2047 | Temple   | Entered the Ecumenical Temple
  2314 | Temple   | Became a worshipper of Gozag Ym Sagoz the Greedy
  2490 | D:4      | Noticed a black bear
  2499 | D:4      | Killed a black bear
  2500 | D:4      | Reached skill level 5 in Axes
  2500 | D:4      | Reached skill level 1 in Evocations
  2500 | D:4      | Reached XP level 6. HP: 48/55 MP: 5/5
  2685 | D:4      | Noticed Ijyb
  2721 | D:4      | Killed Ijyb
  2918 | D:4      | Identified the +9 hand axe of Cruel Justice {antimagic,
                  | *Corrode rN+ Str+2}
  2933 | D:4      | Reached skill level 5 in Fighting
  3218 | D:4      | You fall into a shaft and drop 3 floors!
  3231 | D:7      | Noticed a wyvern
  3237 | D:7      | Killed a wyvern
  3238 | D:7      | Reached skill level 5 in Armour
  3238 | D:7      | Reached skill level 5 in Shields
  3347 | D:7      | Noticed a water moccasin
  3357 | D:7      | Killed a water moccasin
  3358 | D:7      | Reached skill level 6 in Axes
  3358 | D:7      | Reached XP level 7. HP: 55/61 MP: 2/6
  3632 | D:7      | Reached skill level 7 in Axes
  3632 | D:7      | Reached XP level 8. HP: 70/70 MP: 2/7
  3890 | D:7      | Identified the +1 robe of the Ferocious God {Harm rF+ rN+
                  | Int-3}
  4047 | D:7      | Reached skill level 8 in Axes
  4062 | D:7      | Reached XP level 9. HP: 33/78 MP: 2/8
  4351 | D:6      | Reached skill level 9 in Axes
  4460 | D:5      | Entered Level 5 of the Dungeon
  4577 | D:5      | Found a glowing golden altar of the Shining One.
  5190 | D:6      | Found a burning altar of Makhleb.
  5195 | D:6      | Found an iron altar of Okawaru.
  5195 | D:6      | Found a broken altar of Ashenzari.
  5483 | D:6      | Found Obyckonn's Weapon Shop.
  5628 | D:6      | Bought a +2 heavy battleaxe for 237 gold pieces
  5733 | D:8      | Found a viscous altar of Jiyva.
  6241 | D:8      | Found a sparkling altar of Nemelex Xobeh.
  6547 | D:8      | Reached skill level 10 in Axes
  7021 | D:9      | Reached skill level 1 in Dodging
  7131 | D:9      | Reached XP level 10. HP: 48/88 MP: 3/9
  7478 | D:9      | Found a snail-covered altar of Cheibriados.
  7562 | D:9      | Identified the +1 robe of the Slightly Bent {rC+ Int+2
                  | Stlth+}
  7580 | D:9      | Reached skill level 5 in Evocations
  7709 | D:10     | Entered Level 10 of the Dungeon
  7731 | D:10     | Reached skill level 11 in Axes
  7961 | D:10     | Killed from afar by an orc priest

Illustrated notes

Levels and vault maps discovered:
D:1:      minmay_arrival_pointy, layout_basic
D:2:      layout_rooms
D:3:      layout_rooms
D:4:      layout_basic, minmay_temple_entry_sparse_star, serial_park_tiny_pond,
          uniq_ijyb
D:5:      layout_basic, tso_oasis_becter
D:6:      layout_cave_pools, grunt_temple_overflow_open, serial_shops,
          nicolae_shop_advertising_works [nicolae_subvault_shop_adworks],
          hangedman_abyss_or_decor_passed
D:7:      layout_basic, grunt_livestock, corexii_corridor_pit
D:8:      layout_layer_cave, nemelex_diamond_rough_becter, serial_park_tiny_2,
          dk_noncrumbling_3, jiyva_altar_1
D:9:      layout_basic, mainiacjoe_overflow_alcove_2, corexii_corridor_pit
D:10:     minmay_bubble_buster, layout_rooms, lair_entry_dummy
Temple:   compressed_dpeg_triangle_lava_temple

Skill      XL: |  1  2  3  4  5  6  7  8  9 10 |
---------------+-------------------------------+-----
Axes           | 3 4 5 6 7 8 10 11 | 11.1
Fighting       | 4 5 6 8 |  8.4
Armour         | 4 5 6 8 |  8.4
Shields        | 4 5 6 7 |  7.4
Evocations     | 1 2 3 4 5 |  5.2
Dodging        | 2 3 |  3.0

Action                     |  1- 3 |  4- 6 |  7- 9 | 10-12 || total
---------------------------+-------+-------+-------+-------++-------
  Melee: War axe           |    70 |    97 |       |       ||   167
         Headbutt          |    10 |    18 |    28 |    12 ||    68
         Hand axe          |       |    15 |   206 |    80 ||   301
    Use: Scroll            |       |     6 |     7 |       ||    13
         Potion            |       |     4 |     3 |       ||     7
   Stab: Distracted        |       |       |       |     2 ||     2
 Armour: Scale mail        |     8 |       |       |       ||     8
         Chain mail        |    38 |    71 |    81 |    39 ||   229
  Dodge: Dodged            |    39 |    44 |    69 |    17 ||   169
  Block: Buckler           |    20 |    23 |    43 |    19 ||   105

Table legend: (Time is in decaauts)
 A = Elapsed time spent in this place.
 B = Non-inter-level travel time spent in this place.
 C = Inter-level travel time spent in this place.
 D = Time resting spent in this place.
 E = Time spent auto-exploring this place.
 F = Levels seen in this place.
 G = Mean time per level.
                   A        B        C        D        E       F      G
               +--------+--------+--------+--------+--------+-----+--------+
         Total |   7967 |   7571 |    396 |    536 |   5899 |  11 |  724.3 |
       Dungeon |   7691 |   7305 |    386 |    536 |   5643 |  10 |  769.1 |
        Temple |    275 |    265 |     10 |      0 |    256 |   1 |  275.0 |
               +--------+--------+--------+--------+--------+-----+--------+

Top non-repeatable levels by time:
     D:8: 1204 daAuts
     D:4: 1188 daAuts
     D:7: 1060 daAuts
     D:1: 891 daAuts
     D:9: 799 daAuts
     D:6: 665 daAuts
     D:2: 595 daAuts
     D:5: 559 daAuts
     D:3: 485 daAuts
  Temple: 275 daAuts
    D:10: 242 daAuts
